 Dungeon Crawl Stone Soup version 0.23.2 (webtiles) character file.

Game seed: 884351659844584727

328 Gargoyl the Skirmisher (level 6, -3/52 HPs)
             Began as a Centaur Abyssal Knight on Apr 11, 2019.
             Was a Believer of Lugonu.
             Slain by a gnoll
             ... wielding a +0 halberd
              (16 damage)
             ... on level 3 of the Dungeon.
             The game lasted 00:04:52 (3267 turns).

Gargoyl the Skirmisher (Centaur Abyssal Knight)     Turns: 3267, Time: 00:04:53

Health: -3/52      AC:  6    Str: 14 (15) XL:     6   Next: 25%
Magic:  8/8        EV:  8    Int: 11      God:    Lugonu [**....]
Gold:   102        SH:  0    Dex:  7 (10) Spells: 5/5 levels left

rFire    . . .     SeeInvis .   a - +1 hand axe
rCold    . . .     Gourm    .   (no shield)
rNeg     . . .     Faith    .   m - +0 ring mail
rPois    .         Spirit   .   (no helmet)
rElec    +         Reflect  .   (no cloak)
rCorr    .         Harm     .   (no gloves)
MR       .....                  (no barding)
Stlth    ..........             (no amulet)
HPRegen  0.17/turn              (no ring)
MPRegen  0.11/turn              (no ring)

@: very quick
A: large, hooves 3, deformed body, deterioration 1, speed 2, electricity
resistance, tough skin 3
a: Depart the Abyss, Bend Space, Renounce Religion


You were on level 3 of the Dungeon.
You worshipped Lugonu.
Lugonu was pleased with you.
You were very hungry.

You visited 1 branch of the dungeon, and saw 3 of its levels.
You visited the Abyss 1 time.

You collected 102 gold pieces.

Inventory:

Hand Weapons
 a - a +1 hand axe (weapon)
Armour
 m - a +0 ring mail (worn)
Wands
 j - a wand of random effects (19)
Scrolls
 f - a scroll of identify
Potions
 e - 2 potions of curing
 g - a potion of berserk rage {unknown}
 h - 2 potions of lignification
 i - a potion of agility {unknown}
 l - a potion of heal wounds {unknown}
Comestibles
 c - 4 rations


   Skills:
 + Level 3.9 Fighting
 + Level 3.2 Axes
 * Level 2.6 Armour
 * Level 2.1 Dodging
 * Level 3.3 Invocations


You had 5 spell levels left.
You didn't know any spells.
Your spell library was empty.

Dungeon Overview and Level Annotations

Branches:
Dungeon (3/15)

Altars:
Elyvilon
Gozag
Kikubaaqudgha


Innate Abilities, Weirdness & Mutations

You have hooves in place of feet.
Armour fits poorly on your strangely shaped body.
You cover ground very quickly.
You have extremely tough skin. (AC +3)
Your body sometimes deteriorates upon taking damage.
You are resistant to electric shocks. (rElec)


Message History

The gnoll is moderately wounded.
The gnoll hits you with a +0 halberd!
Your body deteriorates!
You feel clumsy.
Your ring mail prevents you from hitting the gnoll.
Your kick misses the gnoll.
The gnoll is moderately wounded.
The gnoll hits you with a +0 halberd!
Your body deteriorates!
You feel clumsy.
You are feeling very hungry.
You hit the gnoll but do no damage. You kick the gnoll, but do no damage.
The gnoll is moderately wounded.
The gnoll hits you with a +0 halberd.
You barely miss the gnoll. Your kick misses the gnoll.
The gnoll is moderately wounded.
The gnoll hits you with a +0 halberd!
* * * LOW HITPOINT WARNING * * *
You hit the gnoll but do no damage. You kick the gnoll.
The gnoll is almost dead.
The gnoll hits you with a +0 halberd!
You die...

**####.######..#,,,...,*
#....÷...##.###.....,*
#....<))).†.........,*
***#....÷...#.#####...^,*
****........#.##.#
*,,,.<*
,,,,.##.###...##.#
*,,,,,*
*****..,,,..####.#
******* *,,,..*,,##.# #.#
*,**#,,,**#.# ##@#####
,,**,,*** #.#*#.g....#*
**,,,** #..*#.####..#***
*,,*** **,*#).#*,,,..,*
,,** *,*#....,,***,* ***
*,,#P...P.*,*,* *****
**,...P.....*,* ∩≈*≈*
*,,....#....*,* *≈*≈*
*,,.PP##.._.*,*


You could see a gnoll.

Vanquished Creatures
  Sigmund (D:2)
  An orc priest (D:2)
  An orc wizard (D:3)
  An adder (D:2)
  3 gnolls (D:3)
  A worm (D:2)
  3 dart slugs
  A leopard gecko (D:2)
  3 orcs
  A ball python (D:1)
  6 bats
  3 giant cockroaches
  6 goblins
  8 hobgoblins
  7 jackals
  A quokka (D:2)
  2 frilled lizards (D:1)
  5 kobolds
  9 rats
63 creatures vanquished.

Vanquished Creatures (others)
  A goblin (D:1)
1 creature vanquished.

Grand Total: 64 creatures vanquished

Notes
Turn   | Place    | Note
-------+----------+-------------------------------------------
     0 | Abyss:1  | Gargoyl the Centaur Abyssal Knight began the quest for the
                  | Orb.
     0 | Abyss:1  | Reached XP level 1. HP: 19/19 MP: 2/2
     6 | Abyss:1  | Gained mutation: Your body sometimes deteriorates upon
                  | taking damage. [potion of mutation]
     6 | Abyss:1  | Gained mutation: You are resistant to electric shocks.
                  | (rElec) [potion of mutation]
    44 | Abyss:1  | Noticed a red draconian knight
    45 | D:1      | Escaped the Abyss
    53 | D:1      | Noticed a black bear
    53 | D:1      | Noticed a swamp drake
    53 | D:1      | Noticed a swamp worm
   356 | D:1      | Reached XP level 2. HP: 26/26 MP: 3/3
   437 | D:1      | Reached skill level 1 in Dodging
   470 | D:1      | Reached * piety under Lugonu
   655 | D:1      | Reached XP level 3. HP: 31/31 MP: 4/4
  1758 | D:2      | Found an opulent altar of Gozag.
  2106 | D:2      | Found a white marble altar of Elyvilon.
  2409 | D:2      | Reached XP level 4. HP: 33/39 MP: 5/5
  2449 | D:2      | Noticed Sigmund
  2495 | D:2      | Killed Sigmund
  2495 | D:2      | Reached XP level 5. HP: 24/46 MP: 5/7
  2825 | D:3      | Reached ** piety under Lugonu
  2836 | D:2      | Reached XP level 6. HP: 33/52 MP: 8/8
  3250 | D:3      | Found an ancient bone altar of Kikubaaqudgha.
  3267 | D:3      | Slain by a gnoll

Skill      XL: |  1  2  3  4 |
---------------+-------------+-----
Dodging        | 1 2 |  2.1
Axes           | 2 3 |  3.2
Armour         | 2 |  2.6
Invocations    | 3 |  3.3
Fighting       | |  3.9

Action                   |  1- 3 |  4- 6 || total
-------------------------+-------+-------++-------
Melee: Hand axe          |   115 |    81 ||   196
       Kick              |    10 |    12 ||    22
Invok: Depart the Abyss  |     1 |       ||     1
  Use: Potion            |     1 |     1 ||     2
       Scroll            |     6 |     1 ||     7
  Eat: Chunk             |     3 |     2 ||     5
Armor: Leather armour    |    57 |     2 ||    59
       Skin              |       |    19 ||    19
       Ring mail         |       |    29 ||    29
Dodge: Dodged            |    73 |    35 ||   108
